Map: Blackpink LE

Players

Namshar - Winner!

  • Race: Zerg Zerg
  • League: Master
  • Spawn Location: 7:00

Zerghamdi

  • Race: Zerg Zerg
  • League: Grandmaster
  • Spawn Location: 1:00

Event: WESG Barcelona European Finals 2017

VOD

Have the link to the VOD?

Description

Time

  • Played on: Nov. 23, 2017, 12:52 p.m.
  • Length: 12:01

All games in this series

Show
View Real Time Build Order
Export as new Build Order

Namshar Zerg - Winner!

Build Orders: Hatch First, Zergling Baneling 

Get SALT Encoding   

  12  0:00  Drone  
  13  0:12  Overlord  
  13  0:16  Drone  
  14  0:30  Drone x2  
  14  0:33  Drone  
  17  0:51  Hatchery  
  17  0:53  Drone  
  17  0:56  Drone  
  18  1:01  Extractor  
  17  1:12  Spawning Pool  
  17  1:14  Drone  
  17  1:17  Drone  
  18  1:27  Drone  
  19  1:37  Overlord  
  19  1:48  Drone  
  20  1:59  Zergling x2, Queen  
  23  2:02  Queen, Metabolic Boost  
  23  2:05  Zergling x2  
  26  2:10  Drone  
  26  2:14  Drone  
  28  2:23  Drone, Baneling Nest  
  28  2:25  Drone  
  29  2:34  Zergling x2  
  29  2:35  Drone  
  32  2:44  Zergling x2  
  32  2:50  Hatchery  
  31  3:02  Spore Crawler  
  30  3:06  Overlord  
  30  3:10  Drone x5  
  36  3:19  Overlord  
  36  3:20  Overlord  
  36  3:26  Baneling x2  
  35  3:30  Drone x4  
  39  3:36  Zergling x4  
  39  3:40  Zergling x4  
  39  3:41  Zergling x2  
  44  3:42  Baneling  
  44  3:47  Zergling x2  
  44  3:48  Zergling x4  
  47  3:53  Baneling  
  47  3:54  Baneling  
  47  4:00  Queen  
  48  4:04  Baneling  
  48  4:05  Baneling x2  
  48  4:14  Drone x2  
  48  4:15  Drone x3  
  48  4:25  Zergling x2  
  48  4:26  Zergling x10  
  48  4:27  Drone  
  48  4:29  Zergling x4, Roach Warren, Extractor  
  55  4:34  Queen  
  57  4:44  Zergling x6  
  55  4:46  Zergling x2  
  50  4:55  Zergling x4  
  51  5:05  Overlord  
  50  5:13  Roach x5  
  60  5:23  Baneling  
  60  5:26  Drone x6  
  62  5:47  Roach x5  
  72  5:53  Drone  
  73  5:57  Baneling x2  
  73  6:01  Drone  
  73  6:03  Evolution Chamber, Overlord x4  
  72  6:32  Roach x3  
  84  6:33  Roach x6  
  84  6:38  Drone x2  
  84  6:39  Drone  
  90  6:40  Drone x3, Extractor  
  87  6:55  Zerg Missile Weapons Level 1  
  87  6:56  Zergling x6  
  87  6:57  Zergling x4  
  92  7:06  Overlord x2  
  92  7:07  Lair  
  92  7:09  Drone x4  
  92  7:10  Drone x3  
  92  7:11  Drone  
  92  7:14  Overlord  
  99  7:36  Drone  
  99  7:37  Evolution Chamber  
  99  7:43  Drone  
  99  7:45  Extractor  
  99  7:46  Drone x3, Overlord  
  99  7:47  Roach  
  99  7:48  Roach x7  
  116  7:58  Zergling x2  
  116  7:59  Zergling x6  
  116  8:02  Queen  
  116  8:04  Zerg Ground Armor Level 1  
  120  8:07  Drone  
  120  8:11  Drone x2  
  120  8:12  Drone  
  122  8:14  Roach x2  
  122  8:18  Glial Reconstitution  
  126  8:31  Extractor  
  125  8:36  Roach x3  
  125  8:39  Roach x3  
  137  8:43  Ravager  
  137  8:47  Overlord x4  
  138  8:51  Zerg Missile Weapons Level 2  
  138  9:00  Ravager  
  138  9:07  Roach x5  
  138  9:08  Roach x3  
  154  9:16  Drone x2  
  155  9:17  Overlord  
  155  9:18  Roach x2  
  155  9:23  Roach x3  
  165  9:32  Queen x2  
  165  9:35  Queen  
  166  9:41  Drone x2  
  166  9:43  Hydralisk Den, Drone  
  166  9:44  Drone  
  169  9:51  Overlord x2  
  169  9:52  Overlord  
  166  10:02  Spore Crawler  
  166  10:05  Spore Crawler x2  
  163  10:18  Hydralisk x5  
  163  10:19  Muscular Augments  
  170  10:24  Hydralisk x3  
  170  10:27  Ravager  
  177  10:33  Hydralisk x3  
  181  10:41  Ravager  
  182  10:43  Overlord x3  
  182  10:55  Drone x2  
  184  11:01  Hydralisk x5  
  194  11:04  Ravager  
  194  11:06  Ravager  
  194  11:07  Ravager  
  194  11:09  Roach  
  199  11:18  Baneling x3  
  199  11:28  Lurker Den  
Show
View Real Time Build Order
Export as new Build Order

Zerghamdi Zerg 

Build Orders: Hatch First, Zergling Baneling 

Get SALT Encoding   

  12  0:00  Drone  
  13  0:13  Overlord  
  13  0:17  Drone  
  14  0:31  Drone x2  
  14  0:35  Drone  
  17  0:51  Hatchery  
  16  0:58  Drone x2  
  18  1:13  Extractor  
  18  1:14  Spawning Pool  
  18  1:17  Drone  
  17  1:20  Drone  
  18  1:30  Drone  
  19  1:39  Overlord  
  19  2:00  Queen  
  19  2:01  Zergling x4  
  23  2:03  Zergling x2, Queen  
  26  2:11  Drone  
  26  2:13  Metabolic Boost  
  26  2:15  Drone  
  29  2:22  Drone  
  29  2:29  Drone  
  30  2:33  Drone  
  31  2:39  Drone, Baneling Nest  
  31  2:46  Drone  
  31  2:51  Drone  
  33  2:55  Drone  
  34  3:03  Drone  
  34  3:08  Overlord  
  34  3:12  Hatchery  
  32  3:13  Zergling x6  
  32  3:14  Evolution Chamber  
  32  3:16  Zergling x2  
  32  3:18  Zergling x2  
  36  3:27  Zergling x6  
  36  3:30  Overlord  
  39  3:38  Zergling x4  
  41  3:46  Zergling x6  
  44  3:49  Baneling x2  
  44  3:50  Zergling x6  
  44  3:54  Baneling x3  
  47  3:57  Baneling  
  44  4:04  Drone  
  44  4:05  Drone x2  
  44  4:19  Drone x2  
  44  4:23  Drone x4  
  49  4:24  Baneling x2  
  49  4:36  Drone x3  
  52  4:40  Drone x3  
  52  4:44  Drone x2  
  51  4:48  Drone x2  
  50  5:03  Zergling x4  
  50  5:06  Extractor  
  48  5:07  Zergling x4, Roach Warren  
  48  5:09  Zergling x6  
  48  5:11  Zergling x2  
  51  5:16  Queen  
  51  5:19  Zergling x4  
  55  5:21  Baneling x2  
  55  5:23  Zergling x2  
  55  5:25  Baneling x3  
  55  5:26  Baneling  
  56  5:30  Zergling x4  
  56  5:34  Zergling x2  
  56  5:35  Overlord x2  
  55  5:43  Zergling x6  
  55  5:45  Lair  
  58  5:54  Drone x2  
  58  5:55  Zerg Missile Weapons Level 1  
  58  5:56  Drone x4  
  64  5:59  Extractor  
  63  6:06  Drone x2  
  63  6:07  Drone x3  
  63  6:09  Overlord  
  67  6:13  Baneling x2  
  67  6:16  Overlord  
  65  6:26  Roach x5  
  71  6:34  Roach x3  
  71  6:38  Roach  
  77  6:43  Roach x2  
  77  6:46  Roach  
  77  6:51  Roach  
  76  6:57  Queen  
  76  6:59  Drone x3  
  76  7:00  Drone x2  
  84  7:01  Drone  
  84  7:03  Drone  
  84  7:06  Glial Reconstitution  
  85  7:09  Overlord  
  85  7:13  Zergling x6  
  85  7:15  Zergling x2  
  89  7:17  Zergling x2  
  89  7:21  Overlord  
  90  7:24  Overlord  
  90  7:28  Zergling x6  
  90  7:29  Zergling x4  
  95  7:33  Zergling x4  
  95  7:35  Roach  
  93  7:37  Roach  
  93  7:39  Roach  
  94  7:47  Spire  
  94  7:48  Extractor  
  90  8:04  Overlord x2  
  90  8:05  Roach x4  
  97  8:08  Roach  
  97  8:13  Roach x2  
  97  8:15  Overlord  
  101  8:20  Roach  
  101  8:24  Roach x2  
  107  8:28  Overlord  
  106  8:36  Drone x5  
  106  8:39  Overlord  
  106  8:59  Mutalisk  
  106  9:00  Mutalisk x4  
  106  9:02  Queen  
  118  9:05  Mutalisk  
  120  9:13  Mutalisk  
  120  9:14  Drone  
  120  9:15  Drone x3  
  120  9:16  Extractor  
  125  9:22  Mutalisk  
  125  9:33  Roach x4  
  125  9:36  Roach  
  129  9:39  Roach x2  
  129  9:42  Roach  
  129  9:44  Roach  
  137  9:47  Roach  
  137  9:48  Roach  
  141  9:54  Roach x2  
  141  9:59  Roach x2  
  149  10:06  Mutalisk  
  145  10:15  Roach x3  
  145  10:16  Roach  
  145  10:21  Drone  
  154  10:22  Overlord  
  154  10:24  Extractor  
  153  10:31  Tunneling Claws  
  153  10:35  Evolution Chamber  
  152  10:40  Drone x6  
  152  10:46  Roach  
  154  10:56  Roach  
  154  10:57  Roach x2, Ravager  
  160  10:58  Ravager  
  160  11:00  Overlord  
  160  11:01  Overlord  
  162  11:05  Overlord x2  
  162  11:10  Overlord x2  
  162  11:11  Overlord  
  162  11:13  Overlord  
  162  11:19  Queen  
  162  11:23  Ravager x2  
  162  11:24  Roach, Ravager x2  
  162  11:25  Roach x2  
  170  11:27  Ravager  
  170  11:29  Roach  
  169  11:33  Roach x2  
  169  11:37  Roach  
  163  11:41  Roach x2  
Tags
 
Add a new tag
Caveats
  • Supply blocks, unpowered buildings, or Contaminate may cause inaccurate times.
  • Supply counts are checked every 10 seconds.